[ AOE2 MATCH · #494426270 ]
UnrankedCumans vs Goths
Player's team · WIN
Rival team · LOSS
[ REPLAY ANALYSIS · EXTRACTED FROM THE RECORDED GAME ]
Feudal
8:29
Castle
22:41
Imperial
—
| APM avg | 53.9 |
| APM peak | 78 |
| eAPM avg | 19.5 |
| Villagers / military | 40 / 25 |
Focus
⚔️ 40.6% · 🌾 59.4%
Archer ×21 · Scout Cavalry ×4
Feudal
9:44
Castle
—
Imperial
—
| APM avg | 76.1 |
| APM peak | 90 |
| eAPM avg | 27.5 |
| Villagers / military | 55 / 21 |
Focus
⚔️ 16.9% · 🌾 83.1%
Skirmisher ×12 · Militia ×6 · Spearman ×2 · Archer ×1
Match map
Initial resources + every placement click. Lines = walls · curves = elevation contours. ◆ gold · ⬟ stone · ● berries · ✦ relic · ◌ wall gap
Your base· Open — 5t gap
acherafo1234's base· Open — unwalled flank
Smoothed initial terrain · ◌ = detected wall gap · hover for details
Inputs per minute
— ANKR.Youpudding - - acherafo1234
Build order — ANKR.Youpudding
First 150 of 152 actions detected
| 0:00 | Create | Villager (Male) |
| 0:01 | Create | Villager (Male) |
| 0:02 | Build | House |
| 0:33 | Create | Villager (Male) |
| 1:15 | Create | Villager (Male) |
| 1:37 | Create | Villager (Male) |
| 1:50 | Build | House |
| 2:08 | Create | Villager (Male) |
| 2:08 | Create | Villager (Male) |
| 2:18 | Build | House |
| 2:20 | Build | Lumber Camp |
| 2:42 | Create | Villager (Male) |
| 3:24 | Create | Villager (Male) |
| 3:45 | Create | Villager (Male) |
| 4:01 | Create | Villager (Male) |
| 4:34 | Create | Villager (Male) |
| 4:55 | Build | Mill |
| 4:58 | Create | Villager (Male) |
| 5:27 | Create | Villager (Male) |
| 5:48 | Research | Loom |
| 5:48 | Research | Loom |
| 6:16 | Research | Feudal Age |
| 6:16 | Research | Feudal Age |
| 7:16 | Create | Villager (Male) |
| 7:21 | Build | Barracks |
| 7:40 | Build | Palisade Wall |
| 7:41 | Build | Palisade Wall |
| 7:43 | Build | Palisade Wall |
| 7:54 | Build | House |
| 7:55 | Build | Palisade Wall |
| 8:06 | Build | Mining Camp |
| 8:29 | Age | Feudal Age |
| 8:33 | Build | Archery Range |
| 8:34 | Research | Double-Bit Axe |
| 8:49 | Build | House |
| 8:52 | Create | Villager (Male) |
| 9:11 | Create | Villager (Male) |
| 9:16 | Create | Archer |
| 9:30 | Build | Farm |
| 9:31 | Build | Farm |
| 9:33 | Create | Villager (Male) |
| 9:37 | Build | Palisade Wall |
| 9:40 | Build | Palisade Wall |
| 9:46 | Create | Archer |
| 9:46 | Create | Archer |
| 10:01 | Create | Villager (Male) |
| 10:09 | Create | Archer |
| 10:10 | Create | Archer |
| 10:13 | Build | House |
| 10:34 | Create | Villager (Male) |
| 10:58 | Create | Villager (Male) |
| 11:12 | Create | Archer |
| 11:15 | Create | Villager (Male) |
| 11:19 | Build | Palisade Wall |
| 11:26 | Build | House |
| 11:28 | Build | Palisade Wall |
| 11:29 | Build | Mining Camp |
| 11:35 | Build | Farm |
| 11:35 | Build | Farm |
| 11:39 | Create | Villager (Male) |
| 11:49 | Build | Palisade Wall |
| 11:50 | Build | Palisade Wall |
| 12:00 | Build | Farm |
| 12:02 | Create | Villager (Male) |
| 12:02 | Create | Villager (Male) |
| 12:18 | Create | Archer |
| 12:18 | Create | Archer |
| 12:24 | Build | Farm |
| 12:59 | Create | Archer |
| 13:00 | Create | Villager (Male) |
| 13:02 | Build | Farm |
| 13:10 | Build | Palisade Gate |
| 13:15 | Create | Villager (Male) |
| 13:29 | Build | House |
| 13:33 | Create | Archer |
| 13:34 | Create | Villager (Male) |
| 13:36 | Build | Farm |
| 13:37 | Build | Farm |
| 13:48 | Build | House |
| 13:51 | Create | Archer |
| 14:06 | Build | House |
| 14:11 | Research | Wheelbarrow |
| 14:11 | Research | Wheelbarrow |
| 14:32 | Create | Archer |
| 14:50 | Build | Blacksmith |
| 15:00 | Create | Villager (Male) |
| 15:11 | Build | House |
| 15:23 | Build | Stable |
| 15:31 | Create | Villager (Male) |
| 15:40 | Research | Fletching |
| 15:48 | Build | Palisade Wall |
| 15:57 | Build | Lumber Camp |
| 16:03 | Create | Villager (Male) |
| 16:03 | Create | Archer |
| 16:20 | Create | Archer |
| 16:22 | Build | Farm |
| 16:22 | Build | Farm |
| 16:30 | Create | Scout Cavalry |
| 16:31 | Create | Villager (Male) |
| 16:38 | Build | Palisade Wall |
| 16:39 | Build | House |
| 16:51 | Create | Villager (Male) |
| 17:02 | Create | Scout Cavalry |
| 17:19 | Create | Villager (Male) |
| 17:23 | Create | Archer |
| 17:25 | Build | House |
| 17:29 | Build | House |
| 17:38 | Create | Villager (Male) |
| 17:39 | Create | Archer |
| 17:51 | Build | Farm |
| 17:54 | Build | Farm |
| 17:54 | Build | Farm |
| 17:57 | Create | Scout Cavalry |
| 18:01 | Build | House |
| 18:05 | Build | Palisade Wall |
| 18:15 | Create | Villager (Male) |
| 18:16 | Build | Farm |
| 18:22 | Build | Farm |
| 18:25 | Create | Villager (Male) |
| 18:29 | Build | Farm |
| 18:31 | Build | Farm |
| 18:50 | Create | Archer |
| 19:00 | Build | Farm |
| 19:10 | Build | Farm |
| 19:11 | Build | Farm |
| 19:14 | Create | Villager (Male) |
| 19:19 | Build | Farm |
| 19:42 | Build | Farm |
| 20:01 | Research | Castle Age |
| 20:02 | Create | Archer |
| 20:18 | Create | Archer |
| 20:22 | Research | Horse Collar |
| 20:22 | Research | Horse Collar |
| 20:29 | Build | Farm |
| 20:29 | Build | Farm |
| 20:50 | Create | Archer |
| 20:59 | Create | Scout Cavalry |
| 21:17 | Create | Archer |
| 21:18 | Build | Farm |
| 21:21 | Research | Scale Barding Armor |
| 21:24 | Research | Bloodlines |
| 21:25 | Research | Bloodlines |
| 21:31 | Build | Farm |
| 21:32 | Build | Farm |
| 21:33 | Build | Farm |
| 21:52 | Create | Villager (Male) |
| 21:56 | Build | Stable |
| 22:41 | Age | Castle Age |
| 22:45 | Research | Crossbowman (upgrade) |
| 22:45 | Research | Bodkin Arrow |
Build order — acherafo1234
First 150 of 155 actions detected
| 0:00 | Create | Villager (Male) |
| 0:01 | Create | Villager (Male) |
| 0:02 | Build | House |
| 0:03 | Build | House |
| 0:07 | Create | Villager (Male) |
| 0:11 | Create | Villager (Male) |
| 1:14 | Build | House |
| 1:29 | Create | Villager (Male) |
| 2:02 | Create | Villager (Male) |
| 2:02 | Create | Villager (Male) |
| 2:14 | Create | Villager (Male) |
| 2:33 | Create | Villager (Male) |
| 2:33 | Create | Villager (Male) |
| 2:40 | Build | Lumber Camp |
| 2:56 | Create | Villager (Male) |
| 2:57 | Create | Villager (Male) |
| 3:19 | Create | Villager (Male) |
| 3:19 | Create | Villager (Male) |
| 3:36 | Build | House |
| 3:38 | Create | Villager (Male) |
| 3:38 | Create | Villager (Male) |
| 4:16 | Create | Villager (Male) |
| 4:31 | Create | Villager (Male) |
| 4:52 | Create | Villager (Male) |
| 5:06 | Create | Villager (Male) |
| 5:27 | Build | House |
| 5:44 | Create | Villager (Male) |
| 5:57 | Build | Barracks |
| 6:52 | Create | Villager (Male) |
| 7:11 | Build | Mining Camp |
| 7:15 | Research | Loom |
| 7:34 | Research | Feudal Age |
| 7:58 | Create | Militia |
| 8:18 | Create | Militia |
| 8:25 | Build | Mining Camp |
| 8:40 | Create | Militia |
| 8:47 | Build | House |
| 8:55 | Create | Villager (Male) |
| 9:21 | Create | Villager (Male) |
| 9:44 | Age | Feudal Age |
| 9:50 | Build | Watch Tower |
| 9:53 | Build | Archery Range |
| 10:00 | Research | Double-Bit Axe |
| 10:00 | Research | Double-Bit Axe |
| 10:02 | Research | Man-at-Arms (upgrade) |
| 10:02 | Research | Man-at-Arms (upgrade) |
| 10:05 | Create | Villager (Male) |
| 10:46 | Create | Villager (Male) |
| 10:58 | Build | Watch Tower |
| 11:09 | Create | Skirmisher |
| 11:14 | Build | Mill |
| 11:21 | Create | Villager (Male) |
| 11:27 | Build | House |
| 11:30 | Research | Town Watch |
| 11:39 | Create | Skirmisher |
| 12:07 | Create | Archer |
| 12:16 | Build | Mill |
| 12:19 | Create | Villager (Male) |
| 12:19 | Create | Villager (Male) |
| 12:38 | Build | Farm |
| 12:40 | Create | Villager (Male) |
| 12:41 | Build | Palisade Wall |
| 12:42 | Build | Palisade Wall |
| 12:46 | Create | Villager (Male) |
| 12:58 | Create | Villager (Male) |
| 13:13 | Build | House |
| 13:18 | Build | Farm |
| 13:22 | Create | Skirmisher |
| 13:25 | Build | Farm |
| 13:25 | Create | Villager (Male) |
| 13:37 | Build | House |
| 13:58 | Build | House |
| 14:01 | Create | Villager (Male) |
| 14:10 | Build | Watch Tower |
| 14:11 | Build | Palisade Wall |
| 14:11 | Build | Palisade Wall |
| 14:11 | Build | Palisade Wall |
| 14:12 | Build | Palisade Wall |
| 14:29 | Create | Skirmisher |
| 14:34 | Create | Villager (Male) |
| 14:35 | Create | Spearman |
| 14:58 | Create | Villager (Male) |
| 15:02 | Create | Skirmisher |
| 15:12 | Create | Villager (Male) |
| 15:16 | Create | Skirmisher |
| 15:41 | Build | Farm |
| 15:51 | Build | Watch Tower |
| 15:54 | Create | Villager (Male) |
| 16:03 | Build | House |
| 16:07 | Build | Lumber Camp |
| 16:13 | Build | Palisade Gate |
| 16:19 | Build | Farm |
| 16:24 | Create | Villager (Male) |
| 16:32 | Create | Villager (Male) |
| 16:49 | Create | Skirmisher |
| 16:55 | Create | Villager (Male) |
| 17:03 | Create | Skirmisher |
| 17:10 | Create | Villager (Male) |
| 17:17 | Create | Villager (Male) |
| 17:29 | Create | Skirmisher |
| 17:37 | Build | Farm |
| 17:38 | Create | Skirmisher |
| 17:46 | Create | Villager (Male) |
| 17:47 | Build | Farm |
| 18:07 | Create | Villager (Male) |
| 18:09 | Build | Farm |
| 18:25 | Build | Mining Camp |
| 18:26 | Create | Villager (Male) |
| 18:32 | Build | House |
| 18:38 | Create | Skirmisher |
| 18:49 | Create | Spearman |
| 18:56 | Create | Militia |
| 18:56 | Create | Villager (Male) |
| 19:07 | Build | Blacksmith |
| 19:28 | Create | Villager (Male) |
| 19:34 | Build | Farm |
| 19:37 | Create | Militia |
| 19:47 | Research | Fletching |
| 19:52 | Build | Farm |
| 20:01 | Build | Farm |
| 20:03 | Build | Farm |
| 20:03 | Create | Villager (Male) |
| 20:09 | Build | Mining Camp |
| 20:18 | Create | Skirmisher |
| 20:22 | Build | Farm |
| 20:25 | Create | Villager (Male) |
| 20:32 | Build | Farm |
| 20:39 | Create | Villager (Male) |
| 20:56 | Build | Archery Range |
| 21:08 | Build | Farm |
| 21:13 | Create | Villager (Male) |
| 21:15 | Build | Farm |
| 21:23 | Build | Mill |
| 21:23 | Build | Farm |
| 21:24 | Build | Farm |
| 21:24 | Build | Farm |
| 21:33 | Build | Farm |
| 21:49 | Create | Villager (Male) |
| 21:56 | Create | Villager (Male) |
| 22:05 | Build | Farm |
| 22:06 | Build | Farm |
| 22:06 | Build | Farm |
| 22:09 | Build | Farm |
| 22:21 | Create | Villager (Male) |
| 22:28 | Build | Watch Tower |
| 22:30 | Build | Palisade Wall |
| 22:30 | Build | Palisade Wall |
| 22:30 | Build | Palisade Wall |
| 22:30 | Build | Palisade Wall |
| 22:31 | Build | Palisade Wall |
Match timeline
| 5:57 | acherafo1234 · first_building Barracks |
| 7:21 | ANKR.Youpudding · first_building Barracks |
| 7:40 | ANKR.Youpudding · wall_segment Palisade Wall x2 |
| 7:41 | ANKR.Youpudding · wall_segment Palisade Wall x4 |
| 7:43 | ANKR.Youpudding · wall_segment Palisade Wall x1 |
| 7:55 | ANKR.Youpudding · wall_segment Palisade Wall x1 |
| 8:29 | ANKR.Youpudding · age_up feudal |
| 8:33 | ANKR.Youpudding · first_building Archery Range |
| 9:37 | ANKR.Youpudding · wall_segment Palisade Wall x2 |
| 9:40 | ANKR.Youpudding · wall_segment Palisade Wall x1 |
| 9:44 | acherafo1234 · age_up feudal |
| 9:53 | acherafo1234 · first_building Archery Range |
| 11:19 | ANKR.Youpudding · wall_segment Palisade Wall x6 |
| 11:28 | ANKR.Youpudding · wall_segment Palisade Wall x6 |
| 11:49 | ANKR.Youpudding · wall_segment Palisade Wall x1 |
| 11:50 | ANKR.Youpudding · wall_segment Palisade Wall x1 |
| 12:41 | acherafo1234 · wall_segment Palisade Wall x1 |
| 12:42 | acherafo1234 · wall_segment Palisade Wall x1 |
| 14:11 | acherafo1234 · wall_segment Palisade Wall x1 |
| 14:11 | acherafo1234 · wall_segment Palisade Wall x1 |
| 14:11 | acherafo1234 · wall_segment Palisade Wall x1 |
| 14:12 | acherafo1234 · wall_segment Palisade Wall x1 |
| 15:23 | ANKR.Youpudding · first_building Stable |
| 15:48 | ANKR.Youpudding · wall_segment Palisade Wall x3 |
| 16:38 | ANKR.Youpudding · wall_segment Palisade Wall x1 |
| 18:05 | ANKR.Youpudding · wall_segment Palisade Wall x1 |
| 22:30 | acherafo1234 · wall_segment Palisade Wall x1 |
| 22:30 | acherafo1234 · wall_segment Palisade Wall x1 |
| 22:30 | acherafo1234 · wall_segment Palisade Wall x1 |
| 22:30 | acherafo1234 · wall_segment Palisade Wall x1 |
| 22:31 | acherafo1234 · wall_segment Palisade Wall x2 |
| 22:31 | acherafo1234 · wall_segment Palisade Wall x1 |
| 22:41 | ANKR.Youpudding · age_up castle |
| 22:52 | acherafo1234 · resign |
[ AI ANALYSIS · 1 CREDIT ]
What really happened in this match?
Wolo.gg analyzes every decision: build order, eco, micro, common mistakes by bracket. Personalized analysis on WhatsApp or Discord in 30 seconds.
Civ guide
Cumans
Perfil
Jugador #11364437